 Dungeon Crawl Stone Soup version 0.19-a0-1071-g4ed3155 (webtiles) character file.

273 Kidiri the Magician (level 6, 0/32 HPs)
             Began as a Deep Elf Fire Elementalist on Aug 5, 2016.
             Succumbed to an adder's poison
             ... on level 4 of the Dungeon.
             The game lasted 00:16:42 (4225 turns).

Kidiri the Magician (Deep Elf Fire Elementalist)    Turns: 4225, Time: 00:16:44

Health: 0/32       AC:  7    Str:  9 (12) XL:     6   Next: 2%
Magic:  1/17       EV: 12    Int: 26 (27) God:
Gold:   201        SH:  0    Dex: 13 (15) Spells: 5 memorised, 4 levels left

rFire  . . .     SeeInvis .     m - +0 dagger
rCold  . . .     Gourm    .     x - +2 leather armour {rN+}
rNeg   + . .     Faith    .     (no shield)
rPois  .         Spirit   .     l - +0 helmet
rElec  .         Dismiss  .     (no cloak)
rCorr  +         Reflect  .     (no gloves)
SustAt .         Harm     .     v - +0 pair of boots
MR     .....                    (no amulet)
Stlth  ++........               g - +2 ring of strength
                                d - ring of resist corrosion

@: mighty, brilliant, lethally poisoned (0 -> -8), very slightly contaminated
A: mutation resistance 1, MP-powered wands
a: no special abilities


You were on level 4 of the Dungeon.
You were not hungry.

You visited 1 branch of the dungeon, and saw 4 of its levels.

You collected 201 gold pieces.

Inventory:

Hand Weapons
 m - a +0 dagger (weapon)
Armour
 a - a +0 robe
 l - a +0 helmet (worn)
 v - a +0 pair of boots (worn)
 x - a +2 leather armour of positive energy (worn)
Jewellery
 d - a ring of resist corrosion (left hand)
 g - a +2 ring of strength (right hand)
Wands
 n - a wand of disintegration (10/24)
Scrolls
 h - 3 scrolls of remove curse
 u - 2 scrolls of teleportation
Potions
 f - 3 potions of degeneration
 i - a potion of might
 j - a potion of invisibility
 r - a potion of flight {unknown}
 s - a potion of berserk rage {unknown}
 t - 4 potions of curing {unknown}
Books
 b - a book of Flames

   Spells                             Type                      Level
   a - Flame Tongue                   Conjuration/Fire             1
   b - Throw Flame                    Conjuration/Fire             2
   c - Conjure Flame                  Conjuration/Fire             3
   d - Inner Flame                    Hexes/Fire                   3
   e - Sticky Flame                   Conjuration/Fire             4
   f - Fireball                       Conjuration/Fire             5
 e - a book of Maledictions

   Spells                             Type                      Level
   a - Corona                         Hexes                        1
   b - Ensorcelled Hibernation        Hexes/Ice                    2
   c - Confuse                        Hexes                        3
   d - Tukima's Dance                 Hexes                        3
   e - Dazzling Spray                 Conjuration/Hexes            3
Comestibles
 c - 3 bread rations
 o - 2 chunks of flesh
 w - 2 meat rations


   Skills:
 - Level 2.4 Dodging
 - Level 2.4 Stealth
 * Level 6.2 Spellcasting
 + Level 3.6 Conjurations
 + Level 4.5 Fire Magic


You had 4 spell levels left.
You knew the following spells:

 Your Spells              Type           Power        Failure   Level  Hunger
a - Flame Tongue          Conj/Fire      #####        1%          1    None
b - Throw Flame           Conj/Fire      #####.       1%          2    None
c - Conjure Flame         Conj/Fire      #####...     1%          3    None
d - Inner Flame           Hex/Fire       #####...     1%          3    None
e - Sticky Flame          Conj/Fire      #####...     2%          4    ###....


Dungeon Overview and Level Annotations

Branches:
Dungeon (4/15)
 Temple: D:4-7

Altars:
Nemelex Xobeh

Annotations:
D:4 murphy's ghost, novice TeCj


Innate Abilities, Weirdness & Mutations

You are somewhat resistant to further mutation.
You expend magic power (3 MP) to strengthen your wands.


Message History

You feel sick. The adder barely misses you. Murphy's ghost barely misses you.
It was a potion of might.
You feel very mighty all of a sudden. The adder bites you.
* * * LOW HITPOINT WARNING * * *
Murphy's ghost casts a spell at you. The magic dart hits you!
* * * LOW HITPOINT WARNING * * *
Okay, then.
Unknown command.
It was a potion of mutation.
You feel extremely strange.
You feel genetically stable.
You feel your magical essence link to your wands.
The adder closely misses you. The adder bites you.
* * * LOW HITPOINT WARNING * * *
You are more poisoned.
The adder poisons you! Murphy's ghost misses you.
It was a potion of brilliance.
You feel clever all of a sudden.
You die...

........######...#
###.............# #
##............#
#.......v...##
##..##........#
##..###....##.W##
##..####...#####.##
#..## #....##..##W##
..## ##.....#...@S.#
..####..###.#........#
..##...##
#.............
......##
#............# .....##
#.............. ...###
#.............. ####
#...............
#..............
.........


You could see murphy's ghost and an adder.

Vanquished Creatures
  A scorpion (D:4)
  A giant frog skeleton (D:4)
  Terence (D:2)
  2 worker ants
  5 adders
  2 worms (D:3)
  3 dart slugs
  3 giant geckos
  2 orcs
  2 giant cockroaches (D:3)
  5 goblins
  13 hobgoblins
  7 jackals
  5 kobolds
  A quokka (D:2)
  9 bats
  7 giant newts
69 creatures vanquished.

Notes
Turn   | Place    | Note
-------+----------+-------------------------------------------
     0 | D:1      | Kidiri the Deep Elf Fire Elementalist began the quest for the Orb.
     0 | D:1      | Reached XP level 1. HP: 10/10 MP: 6/6
   181 | D:1      | Reached XP level 2. HP: 15/15 MP: 4/8
   254 | D:1      | Learned a level 2 spell: Throw Flame
   616 | D:1      | Reached skill level 4 in Spellcasting
   698 | D:1      | Reached XP level 3. HP: 19/19 MP: 4/10
   703 | D:1      | Learned a level 3 spell: Conjure Flame
   707 | D:1      | Learned a level 3 spell: Inner Flame
  1134 | D:2      | Noticed Terence
  1177 | D:2      | Killed Terence
  1300 | D:2      | Reached XP level 4. HP: 17/24 MP: 5/12
  1991 | D:2      | Reached skill level 5 in Spellcasting
  2032 | D:2      | Learned a level 4 spell: Sticky Flame
  2474 | D:3      | Reached XP level 5. HP: 21/28 MP: 5/15
  2627 | D:3      | Found a sparkling altar of Nemelex Xobeh.
  3543 | D:4      | Noticed murphy's ghost (novice TeCj)
  3657 | D:3      | Reached skill level 6 in Spellcasting
  4218 | D:4      | Reached XP level 6. HP: 25/32 MP: 4/17
  4224 | D:4      | Gained mutation: You are somewhat resistant to further mutation. [potion of mutation]
  4224 | D:4      | Gained mutation: You expend magic power (3 MP) to strengthen your wands. [potion of mutation]
  4224 | D:4      | HP: 1/32 [adder (1)]
  4225 | D:4      | Succumbed to an adder's poison

Vault maps used:
D:1:      kennysheep_arrival_seaside, hex_large
D:2:      minmay_pentomino_r4, uniq_terence
D:3:      serial_glass, glass_columns_c, glass_columns_a, glass_columns_a,
          glass_columns_a, nemelex_xobeh_ov_fountains_minmay
D:4:      uniq_edmund

Skill      XL: |  1  2  3  4  5 |
---------------+----------------+-----
Spellcasting   | 4 5 6 |  6.2
Conjurations   | 2 3 |  3.6
Fire Magic     | 4 |  4.5
Dodging        | |  2.4
Stealth        | |  2.4

Action                   |  1- 3 |  4- 6 || total
-------------------------+-------+-------++-------
Melee: Dagger            |       |    16 ||    16
 Cast: Flame Tongue      |    37 |    77 ||   114
       Throw Flame       |    14 |    21 ||    35
       Sticky Flame      |       |     2 ||     2
       Conjure Flame     |       |     1 ||     1
  Use: Scroll            |     1 |     6 ||     7
       Potion            |       |     4 ||     4
 Stab: Sleeping          |       |     1 ||     1
  Eat: Chunk             |     1 |     7 ||     8
       Pizza             |       |     2 ||     2
       Fruit             |       |     1 ||     1
Armor: Robe              |     2 |    10 ||    12
       Leather armour    |       |    11 ||    11
Dodge: Dodged            |    19 |    43 ||    62
